AoeStats
← Barba-vidalk63

Arena

508080928Analyzed
2v2 RM · 11d ago on Sep 20, 2026· 56m 53s· 4 players
Game mode
Random Map
Map size
Medium (4 player)
Population
200
Speed
Normal
Resources
Standard
Victory
Conquest
Starting age
Dark Age
Ending age
Imperial Age
RankedLock teamsTeams togetherTeam positionsShared explorationLock speedFull tech treeHidden civsTurbo modeCheats
Victory
Defeat
🇷🇸 Italians · Serbia
874
+14
🇷🇸 Goths · Serbia
873
+14
🇧🇷 Britons · Brazil
823
-14
🇧🇷 Teutons · Brazil
823
-14
michasrock
9:59 Feudal Age
15:34 Castle Age
18:34 Pikeman
21:06 Horse Collar
21:27 Double-Bit Axe
23:20 Bow Saw
23:36 Heavy Plow
23:49 Loom
23:30 Man-at-Arms
24:19 Long Swordsman
25:22 Fletching
25:49 Town Watch
29:41 Forging
30:09 Gold Mining
32:13 Bodkin Arrow
37:23 Yeomen
37:20 Squires
41:25 Elite Skirmisher
50:24 Wheelbarrow
Barba-vidalk63
0:27 Loom
13:07 Feudal Age
18:13 Castle Age
18:31 Crossbowman
19:21 Padded Archer Armor
19:12 Fletching
19:18 Elite Skirmisher
23:17 Wheelbarrow
23:23 Double-Bit Axe
29:24 Scale Mail Armor
29:36 Forging
29:35 Squires
31:45 Iron Casting
32:01 Arson
32:05 Gambesons
32:38 Chain Mail Armor
42:13 Imperial Age
41:46 Leather Archer Armor
41:27 Bodkin Arrow
49:16 Ring Archer Armor
50:03 Chemistry
49:20 Fortified Wall
50:06 Bow Saw
51:44 Plate Mail Armor
BattlePuli
12:12 Feudal Age
16:00 Castle Age
13:58 Horse Collar
14:14 Double-Bit Axe
23:12 Wheelbarrow
24:56 Hand Cart
24:27 Loom
25:39 Heavy Plow
29:59 Imperial Age
28:37 Bow Saw
29:14 Gold Mining
31:28 Ballistics
32:11 Chemistry
31:14 Stone Mining
robi_1985
11:50 Feudal Age
13:21 Loom
16:40 Castle Age
15:03 Double-Bit Axe
15:27 Horse Collar
25:09 Wheelbarrow
26:27 Gold Mining
31:05 Imperial Age
28:21 Town Watch
28:48 Stone Mining
29:03 Heavy Plow
29:22 Bow Saw
29:58 Ballistics
30:01 Hand Cart
30:45 Town Patrol
31:33 Squires
32:58 Chemistry
32:56 Forging
32:47 Scale Mail Armor
33:31 Anarchy
33:53 Conscription
34:00 Pikeman
36:56 Iron Casting
36:37 Chain Mail Armor
38:42 Elite Huskarl
44:23 Halberdier
49:35 Blast Furnace
48:28 Fletching
48:40 Padded Archer Armor
48:40 Murder Holes
Connection lost

Rejoining the realm…

Still unreachable

The connection could not be restored.

Session expired

The server has moved on; the page needs a fresh start.